PIO
CHICAGO (RK+) CUBS @ MISSOULA OSPREY
08/24/2098
 
TOP OF THE 1ST
Chicago (Rk+) Cubs batting - Pitching for Missoula Osprey : LHP Jon Kaczmarczyk
Pitching: LHP Jon Kaczmarczyk
Batting: LHB Dan Hewitt 0-0: Bunted foul
0-1: Called Strike
0-2: Ball
1-2: Ball
2-2: Ground out 4-3 (Groundball, 34, EV 91.9 MPH)
Batting: RHB Alex Escobar 0-0: Called Strike
0-1: Ball
1-1: Foul Ball, location: 9LSF
1-2: Strikes out swinging
Batting: RHB Mike Brown 0-0: Ball
1-0: Called Strike
1-1: SINGLE (Line Drive, 7S, EV 108.8 MPH)
Batting: RHB Sean Ryan 0-0: Called Strike
0-1: Ball
1-1: Ball
2-1: Foul Ball, location: 9LMF
2-2: Foul Ball, location: 2F
2-2: Ball
3-2: Strikes out swinging
Top of the 1st over - 0 runs, 1 hit, 0 errors, 1 left on base; Chicago (Rk+) 0 - Missoula 0
BOTTOM OF THE 1ST
Missoula Osprey batting - Pitching for Chicago (Rk+) Cubs : LHP Tim Payton
Pitching: LHP Tim Payton
Batting: RHB Travis Ramirez 0-0: Fly out, F8 (Flyball, 89M, EV 85.0 MPH)
Batting: LHB Jeff Wells 0-0: Ball
1-0: SINGLE (Line Drive, 9S, EV 91.9 MPH)
Batting: LHB Al Casas 0-0: Ball
1-0: Foul Ball, location: 7LSF
1-1: Ball
2-1: Ball
3-1: Fly out, F9 (Flyball, 9LSF, EV 91.9 MPH)
Batting: RHB John Shirley 0-0: Foul Ball, location: 2F
0-1: Ball
1-1: Foul Ball, location: 9LMF
1-2: Ball
2-2: Foul Ball, location: 3DF
2-2: Foul Ball, location: 3FF
2-2: Ball
3-2: Foul Ball, location: 2F
3-2: DOUBLE (Flyball, 8RXD, EV 103.8 MPH)
Jeff Wells to third
Jeff Wells scores
Batting: SHB Eric Meek 0-0: Swinging Strike
0-1: Fly out, F4 (Flyball, 34D, EV 91.3 MPH)
Bottom of the 1st over - 1 run, 2 hits, 0 errors, 1 left on base; Chicago (Rk+) 0 - Missoula 1
TOP OF THE 2ND
Chicago (Rk+) Cubs batting - Pitching for Missoula Osprey : LHP Jon Kaczmarczyk
Batting: LHB Rob Beene 0-0: Foul Ball, location: 25FF
0-1: Ball
1-1: Ball
2-1: Foul Ball, location: 7LMFF
2-2: SINGLE (Groundball, 6MD, EV 107.5 MPH) (infield hit)
Batting: LHB Chris Singleton 0-0: Foul Ball, location: 25F
0-1: Ball
1-1: Swinging Strike
1-2: Ball
2-2: Ball
3-2: Base on Balls
Rob Beene to second
Batting: RHB Freddy Claypool 0-0: Ball
1-0: Ball
2-0: Ball
3-0: Base on Balls
Rob Beene to third
Chris Singleton to second
Batting: RHB Dave Hinton 0-0: Ball
1-0: SINGLE (Flyball, 8LS, EV 93.1 MPH)
Rob Beene scores
Chris Singleton to third
Freddy Claypool to second
Batting: RHB Rich Orrick 0-0: Fly out, F9 (Flyball, 89M, EV 91.3 MPH)
Runner from 3rd tags up, SCORES, throw by RF
Freddy Claypool to third
Batting: LHB Dan Hewitt 0-0: Ball
1-0: Called Strike
1-1: Single, Error in OF, E7, batter to second base (Line Drive, 56D, EV 98.8 MPH)
Freddy Claypool scores
Dave Hinton to third
Batting: RHB Alex Escobar 0-0: Ball
1-0: Called Strike
1-1: Ball
2-1: Foul Ball, location: 23FF
2-2: Foul Ball, location: 2F
2-2: Ground out 6-3 (Groundball, 6, EV 89.4 MPH)
Dave Hinton scores
Batting: RHB Mike Brown 0-0: Fly out, F8 (Flyball, 8LD, EV 96.9 MPH)
Top of the 2nd over - 4 runs, 3 hits, 1 error, 1 left on base; Chicago (Rk+) 4 - Missoula 1
BOTTOM OF THE 2ND
Missoula Osprey batting - Pitching for Chicago (Rk+) Cubs : LHP Tim Payton
Batting: LHB Jon Kaczmarczyk 0-0: Called Strike
0-1: Fly out, F6 (Popup, 6S, EV 83.1 MPH)
Batting: RHB Javier Pacheco 0-0: Called Strike
0-1: Called Strike
0-2: Strikes out swinging
Batting: SHB Miguel Guel 0-0: Called Strike
0-1: Ball
1-1: Swinging Strike
1-2: Foul Ball, location: 23F
1-2: Ball
2-2: Strikes out looking
Bottom of the 2nd over - 0 runs, 0 hits, 0 errors, 0 left on base; Chicago (Rk+) 4 - Missoula 1
TOP OF THE 3RD
Chicago (Rk+) Cubs batting - Pitching for Missoula Osprey : LHP Jon Kaczmarczyk
Batting: RHB Sean Ryan 0-0: SINGLE (Groundball, 6MS, EV 73.1 MPH) (infield hit)
Batting: LHB Rob Beene 0-0: Ball
1-0: Fly out, F8 (Flyball, 8LD, EV 103.1 MPH)
Batting: LHB Chris Singleton 0-0: Ball
1-0: Ball
2-0: Foul Ball, location: 5SF
2-1: Foul Ball, location: 3SF
2-2: Strikes out swinging
Batting: RHB Freddy Claypool 0-0: Foul Ball, location: 2F
0-1: SINGLE (Line Drive, 4MD, EV 108.1 MPH)
Sean Ryan to second
Batting: RHB Dave Hinton 0-0: Ball
1-0: Called Strike
1-1: Swinging Strike
1-2: Strikes out swinging
Top of the 3rd over - 0 runs, 2 hits, 0 errors, 2 left on base; Chicago (Rk+) 4 - Missoula 1
BOTTOM OF THE 3RD
Missoula Osprey batting - Pitching for Chicago (Rk+) Cubs : LHP Tim Payton
Batting: LHB Merrill Wahl 0-0: Ball
1-0: Ball
2-0: Ball
3-0: Called Strike
3-1: Base on Balls
Batting: RHB Travis Ramirez 0-0: Ball
1-0: Ball
2-0: Called Strike
2-1: Fielders Choice at 2nd, 3-6 (Groundball, 34, EV 101.3 MPH)
Batting: LHB Jeff Wells 0-0: Ball
1-0: Ground out 4-3 (Groundball, 34, EV 103.8 MPH)
Travis Ramirez to second
Batting: LHB Al Casas 0-0: Foul Ball, location: 9LSF
0-1: Foul Ball, location: 2F
0-2: DOUBLE (Line Drive, 89M, EV 91.9 MPH)
Travis Ramirez scores
Batting: RHB John Shirley 0-0: Ground out 6-3 (Groundball, 6, EV 104.4 MPH)
Bottom of the 3rd over - 1 run, 1 hit, 0 errors, 1 left on base; Chicago (Rk+) 4 - Missoula 2
TOP OF THE 4TH
Chicago (Rk+) Cubs batting - Pitching for Missoula Osprey : LHP Jon Kaczmarczyk
Batting: RHB Rich Orrick 0-0: Fly out, F7 (Flyball, 7D, EV 83.8 MPH)
Batting: LHB Dan Hewitt 0-0: Ball
1-0: Ground out 4-3 (Groundball, 34, EV 102.5 MPH)
Batting: RHB Alex Escobar 0-0: Called Strike
0-1: Swinging Strike
0-2: Ball
1-2: Strikes out swinging
Top of the 4th over - 0 runs, 0 hits, 0 errors, 0 left on base; Chicago (Rk+) 4 - Missoula 2
BOTTOM OF THE 4TH
Missoula Osprey batting - Pitching for Chicago (Rk+) Cubs : LHP Tim Payton
Batting: SHB Eric Meek 0-0: Ball
1-0: Ball
2-0: Fly out, F9 (Flyball, 89S, EV 85.0 MPH)
Batting: LHB Jon Kaczmarczyk 0-0: Ball
1-0: Ball
2-0: Ball
3-0: Called Strike
3-1: Foul Ball, location: 23F
3-2: Base on Balls
Batting: RHB Javier Pacheco 0-0: Foul Ball, location: 7LSF
0-1: Called Strike
0-2: Ball
1-2: Strikes out swinging
Batting: SHB Miguel Guel 0-0: Ball
1-0: Called Strike
1-1: Foul Ball, location: 25F
1-2: Strikes out swinging
Bottom of the 4th over - 0 runs, 0 hits, 0 errors, 1 left on base; Chicago (Rk+) 4 - Missoula 2
TOP OF THE 5TH
Chicago (Rk+) Cubs batting - Pitching for Missoula Osprey : LHP Jon Kaczmarczyk
Batting: RHB Mike Brown 0-0: Ball
1-0: Called Strike
1-1: Swinging Strike
1-2: Ball
2-2: Strikes out swinging
Batting: RHB Sean Ryan 0-0: Foul Ball, location: 5F
0-1: Ball
1-1: Ball
2-1: Ball
3-1: Foul Ball, location: 2F
3-2: Base on Balls
Pitching: RHP Brad Hall
Batting: LHB Rob Beene 0-0: Fielders Choice at 2nd, 4-6 (Groundball, 34, EV 108.8 MPH)
Batting: LHB Chris Singleton 0-0: Ball
Rob Beene steals 2nd base
1-0: 2-RUN HOME RUN (Flyball, 9D, EV 94.4 MPH), Distance : 349 ft
Batting: RHB Freddy Claypool 0-0: Foul Ball, location: 23FF
0-1: Ball
1-1: Foul Ball, location: 9LDF
1-2: Ball
2-2: Foul Ball, location: 2F
2-2: Strikes out looking
Top of the 5th over - 2 runs, 1 hit, 0 errors, 0 left on base; Chicago (Rk+) 6 - Missoula 2
BOTTOM OF THE 5TH
Missoula Osprey batting - Pitching for Chicago (Rk+) Cubs : LHP Tim Payton
Batting: LHB Merrill Wahl 0-0: Ball
1-0: Called Strike
1-1: Called Strike
1-2: Ball
2-2: Strikes out looking
Batting: RHB Travis Ramirez 0-0: Ball
1-0: Foul Ball, location: 9LMF
1-1: Ball
2-1: Ball
3-1: Foul Ball, location: 3F
3-2: SINGLE (Groundball, 6MD, EV 100.6 MPH)
Pitching: LHP Jim Unknown
Batting: LHB Jeff Wells 0-0: Called Strike
0-1: Foul Ball, location: 25FF
0-2: Ball
1-2: Foul Ball, location: 2F
1-2: Ball
2-2: Ball
3-2: Fielders Choice at 2nd, 4-6 (Groundball, 4, EV 78.8 MPH)
Batting: LHB Al Casas 0-0: Ball
1-0: Swinging Strike
1-1: Swinging Strike
1-2: Foul Ball, location: 3FF
1-2: Fly out, F2 (Popup, 25F, EV 88.8 MPH)
Bottom of the 5th over - 0 runs, 1 hit, 0 errors, 1 left on base; Chicago (Rk+) 6 - Missoula 2
TOP OF THE 6TH
Chicago (Rk+) Cubs batting - Pitching for Missoula Osprey : RHP Brad Hall
Batting: RHB Dave Hinton 0-0: Ball
1-0: Called Strike
1-1: Ball
2-1: Fly out, F8 (Flyball, 78M, EV 78.8 MPH)
Batting: RHB Rich Orrick 0-0: Ball
1-0: Fly out, F8 (Flyball, 8RD, EV 100.6 MPH)
Pitching: RHP Bobby Galindo
Batting: LHB Dan Hewitt 0-0: Ball
1-0: Called Strike
1-1: Ball
2-1: Foul Ball, location: 3F
2-2: Ball
3-2: SINGLE (Line Drive, 78S, EV 104.4 MPH)
Batting: RHB Alex Escobar 0-0: Ball
1-0: Swinging Strike
1-1: Swinging Strike
1-2: Ball
2-2: Strikes out swinging
Top of the 6th over - 0 runs, 1 hit, 0 errors, 1 left on base; Chicago (Rk+) 6 - Missoula 2
BOTTOM OF THE 6TH
Missoula Osprey batting - Pitching for Chicago (Rk+) Cubs : LHP Jim Unknown
Batting: RHB John Shirley 0-0: Ball
1-0: Foul Ball, location: 2F
1-1: Ball
2-1: Swinging Strike
2-2: Foul Ball, location: 2F
2-2: Ball
3-2: DOUBLE (Groundball, 5L, EV 101.3 MPH)
Batting: SHB Eric Meek 0-0: Ball
1-0: Ball
2-0: Foul Ball, location: 2LF
2-1: Swinging Strike
2-2: DOUBLE (Flyball, 78XD, EV 91.3 MPH)
John Shirley scores
Batting: LHB Eric Northcutt 0-0: Fly out, F7 (Flyball, 7, EV 89.4 MPH)
Batting: RHB Javier Pacheco 0-0: Ball
1-0: Ball
2-0: Called Strike
2-1: Ball
3-1: Foul Ball, location: 2LF
3-2: Foul Ball, location: 3F
3-2: Base on Balls
Pinch Hitting: LHB Aaron Quintanilla 0-0: Called Strike
0-1: Called Strike
0-2: Ball
1-2: Ball
2-2: Foul Ball, location: 2F
2-2: Foul Ball, location: 2RF
2-2: Grounds into double play, 4-6-3 (Groundball, 4D, EV 99.4 MPH)
Bottom of the 6th over - 1 run, 2 hits, 0 errors, 1 left on base; Chicago (Rk+) 6 - Missoula 3
TOP OF THE 7TH
Chicago (Rk+) Cubs batting - Pitching for Missoula Osprey : RHP Bobby Galindo
Now at SS: Josh Seivert
Batting: RHB Mike Brown 0-0: Swinging Strike
0-1: Called Strike
0-2: Foul Ball, location: 9LMF
0-2: Strikes out looking
Batting: RHB Sean Ryan 0-0: Ground out 5-3 (Groundball, 5, EV 81.9 MPH)
Batting: LHB Rob Beene 0-0: Called Strike
0-1: Ball
1-1: Fly out, F8 (Flyball, 8LD, EV 79.4 MPH)
Top of the 7th over - 0 runs, 0 hits, 0 errors, 0 left on base; Chicago (Rk+) 6 - Missoula 3
BOTTOM OF THE 7TH
Missoula Osprey batting - Pitching for Chicago (Rk+) Cubs : LHP Jim Unknown
Pitching: LHP Jim Unknown
Pinch Hitting: SHB Walt Wellon 0-0: Swinging Strike
0-1: Ball
1-1: Foul Ball, location: 2F
1-2: Ball
2-2: Ground out 6-3 (Groundball, 6M, EV 98.1 MPH)
Batting: RHB Travis Ramirez 0-0: Called Strike
0-1: Called Strike
0-2: Ground out 5-3 (Groundball, 56, EV 90.0 MPH)
Pinch Hitting: SHB Nate Walton 0-0: Foul Ball, location: 2F
0-1: Ground out 1-3 (Groundball, 13S, EV 62.5 MPH)
Bottom of the 7th over - 0 runs, 0 hits, 0 errors, 0 left on base; Chicago (Rk+) 6 - Missoula 3
TOP OF THE 8TH
Chicago (Rk+) Cubs batting - Pitching for Missoula Osprey : RHP Bobby Galindo
Now at 2B: Juan Salinas
Now in LF: Nate Walton
Batting: LHB Chris Singleton 0-0: Ball
1-0: Ball
2-0: Called Strike
2-1: Ball
3-1: Fly out, F6 (Line Drive, 6M, EV 64.4 MPH)
Pinch Hitting: LHB Roland Tosi 0-0: Called Strike
0-1: SINGLE (Groundball, 34D, EV 96.9 MPH)
Batting: RHB Dave Hinton 0-0: Ball
1-0: Foul Ball, location: 2F
1-1: Ball
2-1: Foul Ball, location: 25F
2-2: Grounds into double play, 5-4-3 (Groundball, 56, EV 85.0 MPH)
Top of the 8th over - 0 runs, 1 hit, 0 errors, 0 left on base; Chicago (Rk+) 6 - Missoula 3
BOTTOM OF THE 8TH
Missoula Osprey batting - Pitching for Chicago (Rk+) Cubs : LHP Jim Unknown
Now at SS: Alex Anzaldua
Batting: LHB Al Casas 0-0: Ball
1-0: Called Strike
1-1: Foul Ball, location: 2F
1-2: Fly out, F7 (Flyball, 7D, EV 101.3 MPH)
Batting: RHB John Shirley 0-0: Ball
1-0: Called Strike
1-1: Fly out, F5 (Popup, 5SF, EV 88.8 MPH)
Pinch Hitting: RHB Jim Haney 0-0: Ball
1-0: Ball
2-0: Ground out 5-3 (Groundball, 56, EV 99.4 MPH)
Bottom of the 8th over - 0 runs, 0 hits, 0 errors, 0 left on base; Chicago (Rk+) 6 - Missoula 3
TOP OF THE 9TH
Chicago (Rk+) Cubs batting - Pitching for Missoula Osprey : RHP Bobby Galindo
Pitching: RHP Antonio Davila
Now at 1B: Jim Haney
Pinch Hitting: LHB Joe Waddell 0-0: SINGLE (Flyball, 5D, EV 89.4 MPH)
Batting: LHB Dan Hewitt 0-0: Ball
1-0: Swinging Strike
1-1: Called Strike
1-2: Ball
2-2: Foul Ball, location: 5F
2-2: Strikes out looking
Batting: LHB Justin Barnum 0-0: Ball
1-0: Foul Ball, location: 2F
1-1: Ball
2-1: Foul Ball, location: 2F
2-2: Foul Ball, location: 2F
2-2: Foul Ball, location: 3DF
2-2: Strikes out swinging
Batting: RHB Mike Brown 0-0: Called Strike
0-1: Ball
1-1: Ball
2-1: Foul Ball, location: 2F
2-2: Ball
3-2: Base on Balls
Joe Waddell to second
Pinch Hitting: SHB Marcus Phelps 0-0: Called Strike
0-1: DOUBLE (Flyball, 89D, EV 101.9 MPH)
Joe Waddell scores
Mike Brown to third
Runner from 3rd tries for Home, SAFE, throw by RF to home
Pinch Hitting: RHB Jeremy Holland 0-0: Called Strike
0-1: Ball
1-1: Ball
2-1: Ball
3-1: Fly out, F8 (Flyball, 8RS, EV 93.1 MPH)
Top of the 9th over - 2 runs, 2 hits, 0 errors, 1 left on base; Chicago (Rk+) 8 - Missoula 3
BOTTOM OF THE 9TH
Missoula Osprey batting - Pitching for Chicago (Rk+) Cubs : LHP Jim Unknown
Now at C: Keith Marshall
Now at 3B: Ramiro Benavidez
Now in RF: Hector Camarillo
Batting: LHB Eric Northcutt 0-0: Ball
1-0: Foul Ball, location: 2F
1-1: Called Strike
1-2: Ball
2-2: SOLO HOME RUN (Flyball, 8LXD, EV 104.4 MPH), Distance : 405 ft
Pinch Hitting: RHB Jaiden Harris 0-0: Swinging Strike
0-1: Ball
1-1: Ball
2-1: Foul Ball, location: 7LSFF
2-2: Foul Ball, location: 2F
2-2: Foul Ball, location: 2F
2-2: Strikes out swinging
Batting: RHB Josh Seivert 0-0: Foul Ball, location: 3F
0-1: Ball
1-1: Foul Ball, location: 5FF
1-2: SINGLE (Groundball, 6MD, EV 94.4 MPH)
Pitching: RHP Jeff Anderson
Pinch Hitting: LHB Ricky Cook 0-0: Fielders Choice at 2nd, 4-6 (Groundball, 3, EV 88.1 MPH)
Batting: RHB Travis Ramirez 0-0: Called Strike
0-1: Ball
1-1: Ball
2-1: Ground out U3 (Groundball, 3, EV 85.6 MPH)
Bottom of the 9th over - 1 run, 2 hits, 0 errors, 1 left on base; Chicago (Rk+) 8 - Missoula 4
Saturday, April 13th , 2024 - OOTP Baseball 24.11 Build 85